 Dungeon Crawl Stone Soup version 0.28.0-47-ge53b351184 (webtiles) character file.

Game seed: 5841239244183670307

1440 101zpm the Thaumaturge (level 9, -2/57 HPs)
             Began as a Djinni Fire Elementalist on Apr 30, 2022.
             Was a Follower of Cheibriados.
             Killed from afar by a gnoll shaman (13 damage)
             ... with an iceblast
             ... on level 5 of the Dungeon.
             The game lasted 00:15:29 (7235 turns).

101zpm the Thaumaturge (Djinni Fire Elementalist)   Turns: 7235, Time: 00:15:30

Health: -2/57      AC:  4    Str:  9    XL:     9   Next: 4%
Gold:   188        EV: 17    Int: 22    God:    Cheibriados [*.....] SH:  0 Dex: 17

rFire   + + .      SeeInvis .   (no weapon)
rCold   x . .      Faith    .   (no shield)
rNeg    . . .      Spirit   .   a - +0 robe
rPois   ∞          Reflect  .   (no helmet)
rElec   .          Harm     .   (no cloak)
rCorr   .          Rampage  .   s - +1 Delatra's gloves {ID++}
Will    .....                   (boots unavailable)
Stlth   ++........              (no amulet)
HPRegen 0.19/turn               d - +4 ring of evasion
MPRegen 0.00/turn               (no ring)

@: flying, very slow
A: sickness immunity, fire resistance 2, cold vulnerability 1, float, innate
caster, HP casting, extra vitality 1
a: Renounce Religion, Bend Time


You were on level 5 of the Dungeon.
You worshipped Cheibriados.
Cheibriados was aware of your devotion.
You visited 1 branch of the dungeon, and saw 5 of its levels.

You collected 188 gold pieces.

Inventory:

Armour
 a - a +0 robe (worn)
 s - the +1 Delatra's gloves (worn) {ID++}
   (You found it on level 4 of the Dungeon)

   It heals its wearer when they drink unknown potions.
   It restores its wearer's MP when they read unknown scrolls.
Jewellery
 d - a +4 ring of evasion (left hand)
 n - a ring of fire
Wands
 m - a wand of mindburst (10)
 p - a wand of acid (5)
 t - a wand of digging (4)
 u - a wand of flame (29)
Scrolls
 e - a scroll of immolation {unknown}
 h - a scroll of enchant weapon {unknown}
 i - 3 scrolls of identify {unknown}
 k - a scroll of magic mapping {unknown}
 o - 2 scrolls of vulnerability {unknown}
 q - 2 scrolls of teleportation {unknown}
 r - a scroll of enchant armour {unknown}
Potions
 b - a potion of might {unknown}
 c - 2 potions of heal wounds {unknown}
 f - a potion of ambrosia {unknown}
 g - 3 potions of curing
 j - a potion of lignification {unknown}
 l - 2 potions of invisibility {unknown}


   Skills:
 + Level 1.0 Fighting
 + Level 2.5 Dodging
 + Level 3.2 Stealth
 + Level 8.0 Spellcasting


You had 3 spell levels left.
You knew the following spells:

 Your Spells              Type           Power      Damage    Failure   Level
a - Foxfire               Conj/Fire      100%       2x1d9     1%          1
b - Scorch                Fire           88%        2d9       1%          2
c - Conjure Flame         Conj/Fire      44%        6-21      1%          3
d - Inner Flame           Hex/Fire       44%        N/A       1%          3
e - Flame Wave            Conj/Fire      44%        2d10      2%          4
f - Freeze                Ice            100%       1d11      1%          1
g - Wereblood             Tmut           44%        N/A       1%          2
h - Passwall              Tmut/Erth      36%        N/A       1%          2
i - Frozen Ramparts       Ice            88%        1d10      1%          3
Your spell library was empty.

Dungeon Overview and Level Annotations

Branches:
Dungeon (5/15)
 Temple: D:4-7

Altars:
Cheibriados
Qazlal
Uskayaw

Shops:
D:4 (


Innate Abilities, Weirdness & Mutations

You are immune to sickness and miasma.
You are immune to poison.
Your flesh is very heat resistant. (rF++)
You are vulnerable to cold. (rC-)
You float through the air rather than walking.
You learn spells naturally, not from books.
Your magical power is your life essence.
You have superior vitality. (+4 MHP)


Message History

The gnoll is engulfed in blazing flames.
Cheibriados appreciates the change of pace.
The gnoll explodes!
You hear a shout!
Your Spellcasting skill increases to level 8!
Casting: Foxfire (safe; 1% risk of failure)
Confirm with . or Enter, or press ? or * to list all spells.
Aiming: Inner Flame (safe; 1% risk of failure)
Press: ? - help, Dir - move target, f - gnoll
Aim: a gnoll, wielding a +0 whip (ally target, chance to affect: 95%)
The gnoll is filled with an inner flame.
The foxfire hits the gnoll.
Flame seeps out of the gnoll.
The gnoll is heavily wounded.
The foxfire hits the gnoll.
Flame seeps out of the gnoll.
The gnoll is almost dead.
The gnoll is engulfed in blazing flames.
Cheibriados appreciates the change of pace.
The gnoll explodes!
The fiery explosion engulfs the gnoll!!
You kill the gnoll!
Cheibriados thoroughly appreciates the change of pace.
You conjure some foxfire!
A gnoll comes into view. It is wielding a +0 whip of venom.
The gnoll shaman zaps a wand.
The mass of ice explodes!
The iceblast engulfs you!
You feel a painful chill!
* * * LOW HITPOINT WARNING * * *
The iceblast engulfs your foxfire! The iceblast engulfs your foxfire!!
Casting: Foxfire (safe; 1% risk of failure)
Confirm with . or Enter, or press ? or * to list all spells.
Aiming: Inner Flame (safe; 1% risk of failure)
Press: ? - help, Dir - move target, f - gnoll shaman
Aim: a gnoll shaman, wielding a +0 whip, wearing a +0 leather armour and carrying a wand of iceblast (10) (ally target, chance to affect: 91%)
The gnoll shaman is filled with an inner flame.
* * * LOW HITPOINT WARNING * * *
The foxfire hits the gnoll shaman.
Flame seeps out of the gnoll shaman.
The gnoll shaman is moderately wounded.
The gnoll shaman is engulfed in blazing flames.
Flame seeps out of the gnoll shaman.
The gnoll shaman zaps a wand.
The mass of ice explodes!
The iceblast engulfs you!
You feel a painful chill!
You die...

...... .# ###.......
....... #.# ######..
......! #.. #..
.......####.# #..
............### #..
...g§.........# #####..
.##§°§....###.######......
...§§v§§.§...........##..#
....g.§§§@....(########.#
##...§.§§§...#..#######.##
##................>......
##.................#..#.
#.#..#....###.###...##.
............##..........
..##................##.#.
## #..........>.....#.##.
..#.#...#.......# #.


You could see a gnoll shaman (inner flame, ally target) and a gnoll.

Vanquished Creatures
  Grinder (D:5)
  Edmund (D:5)
  An ice beast (D:5)
  2 phantoms (D:4)
  Blork the orc (D:5)
  3 scorpions
  A water moccasin zombie (D:5)
  2 water moccasin skeletons
  A howler monkey (D:5)
  An orc priest (D:5)
  Ijyb (D:3)
  Natasha (thrice) (D:2)
  An iguana (D:4)
  4 orc wizards
  A hound skeleton (D:4)
  A mummy (D:3)
  5 adders
  3 gnolls (D:5)
  A worm (D:3)
  4 dart slugs
  5 orcs
  8 ball pythons
  5 endoplasms
  A giant cockroach (D:2)
  7 goblins
  12 hobgoblins
  11 jackals
  8 kobolds
  A quokka (D:2)
  3 bats
  6 frilled lizards
  6 rats
111 creatures vanquished.

Vanquished Creatures (others)
  495 foxfires
495 creatures vanquished.

Grand Total: 606 creatures vanquished

Notes
Turn   | Place    | Note
-------+----------+-------------------------------------------
     0 | D:1      | 101zpm the Djinni Fire Elementalist began the quest for the
                  | Orb.
     0 | D:1      | Reached XP level 1. HP: 15/15 MP: 0/0
   184 | D:1      | Reached XP level 2. HP: 17/21 MP: 0/0
   594 | D:1      | Reached skill level 3 in Spellcasting
   599 | D:1      | Reached XP level 3. HP: 12/25 MP: 0/0
   599 | D:1      | Learned a level 1 spell: Freeze
  2033 | D:2      | Noticed Natasha
  2038 | D:2      | Killed Natasha
  2039 | D:2      | Reached XP level 4. HP: 26/31 MP: 0/0
  2732 | D:2      | Noticed Natasha
  2736 | D:2      | Killed Natasha
  2737 | D:2      | Reached XP level 5. HP: 33/35 MP: 0/0
  2737 | D:2      | Learned a level 2 spell: Wereblood
  2940 | D:2      | Noticed Natasha
  2945 | D:2      | Killed Natasha
  3002 | D:2      | Reached skill level 4 in Spellcasting
  3840 | D:3      | Reached XP level 6. HP: 8/40 MP: 0/0
  4750 | D:3      | Noticed Ijyb
  4758 | D:3      | Killed Ijyb
  4953 | D:3      | Reached skill level 5 in Spellcasting
  5425 | D:3      | Found a snail-covered altar of Cheibriados.
  5430 | D:3      | Found a hide-covered altar of Uskayaw.
  5443 | D:3      | Became a worshipper of Cheibriados the Contemplative
  5487 | D:4      | Reached XP level 7. HP: 28/45 MP: 0/0
  5487 | D:4      | Learned a level 2 spell: Passwall
  6072 | D:4      | Found Zacus's Weapon Boutique.
  6467 | D:4      | Found the +1 Delatra's gloves {ID++}
  6647 | D:5      | Entered Level 5 of the Dungeon
  6657 | D:4      | Reached skill level 6 in Spellcasting
  6810 | D:5      | Reached XP level 8. HP: 45/51 MP: 0/0
  6879 | D:5      | Noticed Edmund
  6880 | D:5      | Noticed Blork the orc
  6891 | D:5      | Killed Edmund
  6891 | D:5      | Killed Blork the orc
  6896 | D:5      | Reached skill level 7 in Spellcasting
  7017 | D:5      | Noticed Grinder
  7019 | D:5      | Paralysed by Grinder for 5 turns
  7026 | D:5      | Killed Grinder
  7027 | D:5      | Reached skill level 1 in Fighting
  7145 | D:5      | Found a stormy altar of Qazlal.
  7164 | D:5      | Reached * piety under Cheibriados
  7202 | D:5      | Reached XP level 9. HP: 34/57 MP: 0/0
  7202 | D:5      | Learned a level 3 spell: Frozen Ramparts
  7233 | D:5      | Reached skill level 8 in Spellcasting
  7235 | D:5      | Killed from afar by a gnoll shaman

Illustrated notes

Levels and vault maps discovered:
D:1:      saegor_arrival_simple_b, layout_loops_ring
D:2:      layout_basic, lightli_corner_chamber, uniq_natasha
D:3:      layout_rooms, nicolae_overflow_hidden_temple, slow_altar_2, uniq_ijyb
D:4:      layout_cave_pools, kennysheep_windowed_goal
D:5:      layout_rooms, lemuel_crystal_altar, kennysheep_okawaru_gauntlet,
          uniq_blork_the_orc, uniq_grinder, uniq_edmund

Skill      XL: |  1  2  3  4  5  6  7  8  9 |
---------------+----------------------------+-----
Spellcasting   | 3 4 5 6 7 8 |  8.0
Stealth        | 2 3 |  3.2
Fighting       | 1 |  1.0
Dodging        | |  2.5

Action                   |  1- 3 |  4- 6 |  7- 9 || total
-------------------------+-------+-------+-------++-------
Melee: Unarmed           |     1 |       |       ||     1
 Cast: Foxfire           |   103 |   141 |    75 ||   319
       Inner Flame       |       |    35 |    25 ||    60
       Scorch            |       |     2 |     5 ||     7
Armor: Robe              |       |     5 |       ||     5
Dodge: Dodged            |     2 |     9 |    12 ||    23
